[Event "Late-Titled-Tuesday-Blitz-April-23-2024"]
[Site "Chess.com"]
[Date "2024.04.23"]
[Round "1"]
[White "Naruna_Chan"]
[Black "Aygehovit1992"]
[Result "1-0"]
[WhiteElo "2456"]
[BlackElo "2719"]
[TimeControl "180+1"]
[EndTime "14:07:58 PDT"]
[Termination "Naruna_Chan won on time"]

1. e4 c5 2. c3 d5 3. exd5 Qxd5 4.
d4 Nf6 5. Nf3 e6 6. Be3 cxd4 7.
cxd4 Nc6 8. Nc3 Qd8 9. Bd3 Be7 10. O-O O-O 11. Rc1 b6 12. Bb1 Bb7 13. Ne5 Rc8 14. Qf3 Nxe5 15. Qxb7 Rc7 16. Qa6 Neg4 17. Qe2 Qd6 18.
g3 Nxe3 19. fxe3 Qd7 20. Rcd1 Bb4 21. Qd3 Rfc8 22. Rxf6 gxf6 23. Qxh7+ Kf8 24. Ne4 Ke7 25. Qh4 Qa4 26. Qxf6+ Ke8 27. Rf1 Bf8 28. Ng5 Qd7 29. Bg6 Qe7 30. Bxf7+ Kd7 31. Bxe6+ Ke8 32. Bxc8 Qxf6 33.
Rxf6 Rxc8 34. Rf2 Bh6 35. h4 Rc1+ 36. Kg2 Ra1 37. a3 b5 38. Re2 a5 39. e4 Rd1 40.
d5 b4 41. axb4 axb4 42. Ne6 b3 43. Nc5 Rb1 44. Nxb3 Bg7 45. Nc5 Bxb2 46. e5 Bd4 47. Ne6 Bb6 48. d6 Rg1+ 49. Kh3 Rh1+ 50. Kg4 Rd1 51. Ng7+ Kf7 52. e6+ Kxg7 53. e7 1-0

[Event "Late-Titled-Tuesday-Blitz-April-23-2024"]
[Site "Chess.com"]
[Date "2024.04.23"]
[Round "1"]
[White "aranibos"]
[Black "RobertJFischer71"]
[Result "1-0"]
[WhiteElo "2265"]
[BlackElo "2590"]
[TimeControl "180+1"]
[EndTime "14:07:58 PDT"]
[Termination "aranibos won by checkmate"]

1. d4 d5 2. Nf3 Nf6 3. Bg5 Ne4 4. Bf4 Bf5 5. e3 e6 6. Bd3 Be7 7. h3 Nd7 8. O-O c6 9. c4 O-O 10. Nc3 Nxc3 11. bxc3 dxc4 12. Bxc4 b5 13. Bd3 Bxd3 14.
Qxd3 a6 15. Rfd1 c5 16. d5 exd5 17. Qxd5 Nb6 18. Qb7 Qc8 19. Qxe7 Na4 20. Rac1 c4 21. Nd4 Re8 22. Qg5 Nb2 23. Nf5 g6 24. Nd6 Qe6 25.
Nxe8 Rxe8 26. Rd8 Nd3 27. Rxe8+ Qxe8 28. Rf1 Kg7 29. Qh6+ Kg8 30. Bg5 Qe5 31. Bf4 Qxc3 32.
Bd6 Qg7 33. Qg5 h6 34. Qd8+ Kh7 35. Qf8 Qxf8 36. Bxf8 b4 37. Bxb4 Nxb4 38. Rc1 Nxa2 39. Rxc4 a5 40. Ra4 Nc3 41. Rxa5 Ne4 42. Re5 Nf6 43.
g4 Kg7 44. f4 Nh7 45. Ra5 Nf6 46. Kg2 Ne4 47. Kf3 Nd2+ 48. Ke2 Ne4 49. Re5 Nd6 50. e4 Kf6 51. h4 Kg7 52. Kf3 Kf6 53. Rd5 Ne8 54.
g5+ hxg5 55. hxg5+ Ke6 56. Re5+ Kd7 57. f5 Nd6 58.
Rd5 Ke7 59. Kf4 Nc4 60. Rc5 Nd6 61. Rc7+ Kf8 62. Rd7 Ne8 63. f6 Kg8 64. Rd8 Kf8 65. Ke5 Kg8 66. Rxe8+ Kh7 67. Re7 Kg8 68. Kd6 Kf8 69. e5 Kg8 70. e6 Kh8 71. exf7 Kh7 72. f8=Q# 1-0

[Event "Late-Titled-Tuesday-Blitz-April-23-2024"]
[Site "Chess.com"]
[Date "2024.04.23"]
[Round "1"]
[White "BlackGod93"]
[Black "tarno17"]
[Result "1/2-1/2"]
[WhiteElo "2565"]
[BlackElo "2141"]
[TimeControl "180+1"]
[EndTime "14:07:58 PDT"]
[Termination "Game drawn by repetition"]

1. e4 c5 2. Nf3 e6 3. d4 cxd4 4. Nxd4 a6 5. Nc3 Qc7 6. Be3 b5 7. Bd3 Bb7 8. O-O Nf6 9. f3 Be7 10. a4 b4 11. Nce2 O-O 12. Qd2 d5 13. exd5 Nxd5 14. Bf2 Nc6 15. Nxc6 Qxc6 16. Nd4 Qc7 17.
Rae1 Rad8 18. Kh1 Bd6 19. Bg1 Bf4 20. Qe2 Nf6 21. Bxa6 Bxa6 22. Qxa6 e5 23. Qc6 exd4 24. Qxc7 Bxc7 25. Re7 Bd6 26. Rb7 Rc8 27. Bxd4 Rxc2 28. a5 Ra8 29. Ra1 h6 30. a6 Bc5 31. Bxc5 Rxc5 32.
Rxb4 Rxa6 33. Rf1 Rac6 34. h4 Rc1 35. Rxc1 Rxc1+ 36. Kh2 g6 37. Rb6 Nd5 38. Rd6 Ne3 39. Rd3 Nf5 40. h5 Rb1 41. hxg6 fxg6 42. b3 Rb2 43.
Kh3 Kg7 44. g4 Ne7 45. Rd7 Kf7 46. Rb7 Ke6 47. Kg3 Nd5 48. Rh7 Nf6 49. Rxh6 Kf7 50. Rh8 Rxb3 51. Ra8 Ne4+ 52. Kf4 Nf6 53. Ra7+ Ke6 54.
Ra6+ Kf7 55. Kg5 Rb5+ 56. Kf4 Nd5+ 57. Kg3 Nf6 58. Ra7+ Ke6 59. Ra6+ Kf7 60. Ra7+ Ke6 61. Ra6+ Ke7 62. Ra7+ Ke6 1/2-1/2

[Event "Late-Titled-Tuesday-Blitz-April-23-2024"]
[Site "Chess.com"]
[Date "2024.04.23"]
[Round "1"]
[White "LeninGuerra"]
[Black "ubdip"]
[Result "0-1"]
[WhiteElo "2691"]
[BlackElo "2431"]
[TimeControl "180+1"]
[EndTime "14:07:59 PDT"]
[Termination "ubdip won on time"]

1. e4 c6 2. Nf3 d5 3. exd5 cxd5 4. Ne5 Nf6 5. Bb5+ Nbd7 6. Qe2 a6 7. Bxd7+ Bxd7 8.
O-O e6 9. b3 Be7 10. Bb2 O-O 11. d3 Rc8 12. c4 Re8 13. Nd2 h6 14. Ndf3 b5 15. Rfd1 Qb6 16. h3 Red8 17. Nh2 Be8 18. Nhg4 Nxg4 19. Qxg4 Bf8 20. Bd4 Qb8 21. Kh1 bxc4 22.
dxc4 dxc4 23. Nxc4 Bb5 24. Be5 Qa7 25. Nd6 Ra8 26. Rd2 Bc6 27. Rad1 Bd5 28. Ne4 Kh7 29. Ng3 Qb7 30. Nh5 f5 31. Qg3 Rac8 32. Nf4 Qf7 33.
h4 Be7 34. Kh2 Be4 35. Rxd8 Rxd8 36. Rxd8 Bxd8 37. Nh5 g6 38. Nf4 Qe7 39. Kh3 Qf7 40.
Qc3 g5 41. Ne2 Qh5 42. Kh2 Qxe2 43. Qc8 Qd3 44. Qb8 Qd7 45. Qb5 Kg6 46. Qb4 Qc6 47. Qe1 Qe8 48. Qxe4 fxe4 49. h5+ Kf5 50. g4+ Kxe5 0-1

[Event "Late-Titled-Tuesday-Blitz-April-23-2024"]
[Site "Chess.com"]
[Date "2024.04.23"]
[Round "1"]
[White "APOKALIPSA13"]
[Black "OPQRC"]
[Result "0-1"]
[WhiteElo "2138"]
[BlackElo "2576"]
[TimeControl "180+1"]
[EndTime "14:07:59 PDT"]
[Termination "OPQRC won by checkmate"]

1. e4 c5 2. Nf3 Nc6 3. d4 cxd4 4. Nxd4 Nf6 5. Nc3 e5 6. Nxc6 bxc6 7. Bd3 Bb4 8. O-O O-O 9. Bg5 h6 10. Bh4 Be7 11. f4 exf4 12. Bxf6 Bxf6 13. Rxf4 d6 14. Kh1 Rb8 15. Rb1 Be5 16. Rf1 Qh4 17. g3 Bxg3 18.
Qe2 Be5 19. Nd1 Bg4 20. Qf2 Qxf2 21. Rxf2 Bxd1 22. Rxd1 Rxb2 23. Bc4 Rb7 24. Rdf1 g6 25. Rg2 Kg7 26. Bb3 f6 27. c4 Rb4 28. Rfg1 g5 29. Rf1 a5 30. c5 dxc5 31. Be6 Rxe4 32. Bd7 Rd4 33. Bxc6 Rfd8 34. Bf3 Rd2 35. Rff2 Rxf2 36.
Rxf2 c4 37. Rc2 c3 38. Be4 Rd2 39. h3 Rxc2 40. Bxc2 Kf7 41. Kg2 Ke6 42. Kf3 f5 43. Bb3+ Kf6 44. Bc2 h5 45. Bb3 g4+ 46. hxg4 fxg4+ 47. Kg2 h4 48. Bd1 h3+ 49. Kf2 g3+ 50. Kg1 Bd4+ 51.
Kf1 g2+ 52. Ke2 g1=Q 53. Bb3 Qe3+ 54. Kf1 Qf2# 0-1

[Event "Late-Titled-Tuesday-Blitz-April-23-2024"]
[Site "Chess.com"]
[Date "2024.04.23"]
[Round "1"]
[White "Harry_Rakkel"]
[Black "ploxoi"]
[Result "1/2-1/2"]
[WhiteElo "2696"]
[BlackElo "2408"]
[TimeControl "180+1"]
[EndTime "14:08:00 PDT"]
[Termination "Game drawn by repetition"]

1. e4 c6 2. Nf3 d5 3. d3 dxe4 4. dxe4 Qxd1+ 5. Kxd1 Bg4 6. Be2 Nf6 7. Nfd2 Bxe2+ 8. Kxe2 Nbd7 9. a4 Nc5 10. f3 e5 11. Nc4 Nfd7 12. Be3 Ne6 13. Rd1 f6 14. Nbd2 Be7 15. Nb3 b5 16. axb5 cxb5 17. Nd6+ Bxd6 18. Rxd6 Ke7 19. Rda6 Rhc8 20. c3 b4 21. Kd2 bxc3+ 22. bxc3 Rab8 23. R1a3 Nc7 24. Rxa7 Nb5 25. Nc5 Nxa3 26.
Rxd7+ Ke8 27. Rxg7 Nc4+ 28. Kd3 Nxe3 29. Nb7 Rxb7 30. Rxb7 Nxg2 31. Rxh7 Nf4+ 32. Kc2 Ne2 33. Kd3 Nf4+ 34. Kc2 Rc6 35. Kb3 Ne2 36. c4 Nd4+ 37.
Kb4 Ne6 38. h4 Rb6+ 39. Kc3 Nf8 40. Rg7 Ne6 41. Ra7 Nf4 42. c5 Rc6 43. Kc4 Rc8 44. Rh7 Ne6 45. Rh8+ Kd7 46. Rxc8 Kxc8 47. h5 Ng5 48. h6 Kc7 49. Kd5 Kd7 50. c6+ Kc7 51.
Kc5 Nh7 52. Kd5 Ng5 53. Kc5 Ne6+ 54. Kb5 Nd4+ 55. Kc5 Ne6+ 56. Kb5 Ng5 57. Kc5 1/2-1/2

[Event "Late-Titled-Tuesday-Blitz-April-23-2024"]
[Site "Chess.com"]
[Date "2024.04.23"]
[Round "1"]
[White "David_ATM"]
[Black "GMG"]
[Result "1/2-1/2"]
[WhiteElo "2457"]
[BlackElo "2774"]
[TimeControl "180+1"]
[EndTime "14:08:02 PDT"]
[Termination "Game drawn by repetition"]

1. e4 c5 2. c3 Nf6 3. e5 Nd5 4.
d4 cxd4 5. Nf3 Nc6 6. cxd4 d6 7.
Bc4 Nb6 8. Bb5 dxe5 9. Nxe5 Bd7 10. Nxd7 Qxd7 11. Nc3 e6 12. O-O Rd8 13. Be3 Be7 14. Qg4 O-O 15. Bxc6 Qxc6 16. Bh6 Bf6 17. Rfd1 Kh8 18.
Bg5 Bxg5 19. Qxg5 h6 20. Qc5 Qd7 21. h3 Rfe8 22. Qb5 Qxb5 23. Nxb5 a6 24. Nc3 Nd5 25. Nxd5 Rxd5 26. Rac1 Re7 27. Rc5 Red7 28. Rxd5 Rxd5 29. Rd3 e5 30. Kf1 exd4 31. Ke2 f5 32. f4 g6 33. Rb3 b5 34. Kd3 a5 35. Kd2 Kg7 36. Rf3 Kf6 37. Rf1 g5 38. g3 gxf4 39. Rxf4 Ke5 40. Kd3 a4 41. a3 Rd6 42. Rh4 Rg6 43. g4 fxg4 44.
hxg4 Kf4 45. Kxd4 Kg3 46. Rh5 Rxg4+ 47. Kc3 Rc4+ 48. Kd3 Rc6 49. Rxb5 Ra6 50. Ke3 Kg4 51. Rb4+ Kg3 52. Rb5 Kg4 53. Rb4+ Kg3 54. Rb5 1/2-1/2

[Event "Late-Titled-Tuesday-Blitz-April-23-2024"]
[Site "Chess.com"]
[Date "2024.04.23"]
[Round "1"]
[White "ELPRIMO0O0"]
[Black "HanSchut"]
[Result "1-0"]
[WhiteElo "2639"]
[BlackElo "2325"]
[TimeControl "180+1"]
[EndTime "14:08:05 PDT"]
[Termination "ELPRIMO0O0 won by checkmate"]

1. e4 c5 2. d3 g6 3. g3 Bg7 4. Bg2 e6 5. f4 Ne7 6. Nf3 Nbc6 7. O-O O-O 8. c3 Rb8 9. Be3 d6 10. d4 cxd4 11. cxd4 d5 12. e5 Bd7 13. Nbd2 Na5 14. Bf2 Nc4 15. b3 Nxd2 16. Qxd2 Bb5 17. Rfc1 Rc8 18. g4 Rxc1+ 19. Rxc1 Qd7 20. Bh4 Rc8 21. Bf6 Rxc1+ 22. Qxc1 Qc8 23. Qd2 Bf8 24. Bh3 Nc6 25. f5 Nb4 26. fxe6 fxe6 27. g5 Bd7 28. Ne1 Nc6 29. Nf3 Nb4 30. Ne1 Nc6 31. Nc2 a5 32. Bf1 Nb4 33. Ne3 b6 34. h4 Na6 35. h5 Be8 36. h6 Nb4 37. Ng4 Qc2 38. Qxc2 Nxc2 39. Bd8 Nxd4 40. Nf6+ Kf7 41. Nxh7 Nf3+ 42. Kf2 Nxe5 43.
Nxf8 Kxf8 44. h7 Nf7 45. Bf6 a4 46. h8=Q+ Nxh8 47. Bxh8 axb3 48. axb3 Ke7 49. Be5 Bf7 50. Ke3 Kd7 51. Bb5+ Kc8 52. Kd4 Kb7 53. Bd6 Kc8 54. Ke5 Kd8 55. Kf6 Be8 56. Bxe8 Kxe8 57. Kxe6 d4 58. Bf4 d3 59. Kf6 Kd7 60. Bd2 Kd6 61. Kxg6 Kd5 62. Kf7 Kd4 63. g6 Ke4 64. g7 Kf3 65.
g8=Q Ke2 66. Qg2+ Kd1 67. Be3 Ke1 68. Qf2+ Kd1 69. Qd2# 1-0

[Event "Late-Titled-Tuesday-Blitz-April-23-2024"]
[Site "Chess.com"]
[Date "2024.04.23"]
[Round "1"]
[White "kripri"]
[Black "Ajedrez_con_German"]
[Result "0-1"]
[WhiteElo "2344"]
[BlackElo "2651"]
[TimeControl "180+1"]
[EndTime "14:08:06 PDT"]
[Termination "Ajedrez_con_German won on time"]

1. e4 a6 2. d4 e6 3. Nf3 d5 4.
Nc3 Bb4 5. e5 c5 6. a3 Ba5 7. dxc5 Bxc3+ 8. bxc3 Nd7 9. Be3 Qc7 10.
Qd4 Ne7 11. Bd3 Nc6 12. Qg4 Ndxe5 13. Qxg7 Nxf3+ 14. gxf3 Qe5 15. Qxe5 Nxe5 16. Be2 Bd7 17.
Bd4 f6 18. f4 Ng6 19. f5 exf5 20. Bxf6 Rf8 21. Bd4 Nf4 22. Bf3 Kf7 23. Kd2 Rfe8 24. Rhe1 Bc6 25. Re5 Rxe5 26. Bxe5 Ng6 27. Bd6 Re8 28.
Re1 Rxe1 29. Kxe1 Ke6 30. Kd2 Ne5 31. Be2 Nf7 32. Bf4 Ne5 33. Ke3 Ng4+ 34. Bxg4 fxg4 35. Kd4 h5 36. Bg3 Kf5 37. c4 dxc4 38. Kxc4 Ke4 39. Kc3 Kf3 40. Kd2 Kg2 41. Ke1 Kh3 42. Ke2 h4 43.
Bd6 Kg2 44. Ke3 Kf1 45. c3 Kg2 46. Be5 Kf1 47. Bd6 Ke1 48. Kf4 Bd7 0-1

[Event "Late-Titled-Tuesday-Blitz-April-23-2024"]
[Site "Chess.com"]
[Date "2024.04.23"]
[Round "1"]
[White "Janh4"]
[Black "SerGo055"]
[Result "0-1"]
[WhiteElo "2203"]
[BlackElo "2597"]
[TimeControl "180+1"]
[EndTime "14:08:06 PDT"]
[Termination "SerGo055 won on time"]

1. d4 Nf6 2. Nc3 d5 3. Bf4 c6 4. e3 Bf5 5. f3 Qb6 6. Rb1 Nbd7 7. g4 Bg6 8. h4 h6 9. Bd3 Bxd3 10. Qxd3 e6 11.
Nge2 c5 12. Kf2 Bd6 13. g5 Nh5 14. Bxd6 Qxd6 15. dxc5 Qxc5 16. b4 Qb6 17. a4 Rc8 18. a5 Qc6 19. g6 f5 20. Rb3 Qc4 21. Nb5 Qxd3 22. cxd3 Rc2 23. Nd6+ Ke7 24. Nxb7 Rb8 25. a6 Rxe2+ 26. Kxe2 Ng3+ 27. Kf2 Nxh1+ 28. Kg2 Rc8 29.
Kxh1 Ne5 30. Kg2 Rc2+ 31. Kg3 Nxg6 32. b5 Ra2 33. Nc5 Ne5 34. Kf4 Kf6 35. b6 axb6 36. Rxb6 g5+ 37. hxg5+ hxg5+ 38. Kg3 f4+ 39. exf4 gxf4+ 40. Kxf4 Ng6+ 41. Kg4 Nf8 42. Rb8 Ng6 43. Rb6 Nf8 44. Rb8 Ke7 45. Rb7+ Kd6 46. d4 e5 47.
Rb6+ Kc7 48. Rb7+ Kc6 49. Rf7 exd4 50. Nb3 Ne6 51. Rf6 Kd7 52. Kf5 Ra3 53. Nd2 Nc5 0-1

[Event "Late-Titled-Tuesday-Blitz-April-23-2024"]
[Site "Chess.com"]
[Date "2024.04.23"]
[Round "1"]
[White "ElDivis"]
[Black "MatthewG-p4p"]
[Result "0-1"]
[WhiteElo "2502"]
[BlackElo "2908"]
[TimeControl "180+1"]
[EndTime "14:08:08 PDT"]
[Termination "MatthewG-p4p won by resignation"]

1. d4 Nf6 2. Nf3 c5 3. d5 b5 4. e4 Qa5+ 5. Bd2 Qb6 6. Qe2 Ba6 7. c3 d6 8. Bg5 b4 9. c4 Nbd7 10. Nbd2 g6 11. h3 Bg7 12. Qe3 h6 13. Bh4 O-O 14. Bd3 Rfe8 15. O-O e6 16. dxe6 Rxe6 17. Rae1 Rae8 18.
b3 Bb7 19. Qf4 g5 20. Bxg5 hxg5 21. Nxg5 R6e7 22. Qh4 Ne5 23. Bc2 Ng6 24. Qg3 Nh5 25. Qg4 Nhf4 26. g3 Bc8 27. Qf3 Nxh3+ 28. Nxh3 Bxh3 29. Qh5 Bxf1 30. Nxf1 Re5 31. Qh3 Qc6 32. Ne3 Rxe4 33. Bxe4 Rxe4 34. Qg2 Qe8 35. Rd1 Bd4 36. Nf5 Re1+ 37. Rxe1 Qxe1+ 38. Kh2 Qxf2 39. Nxd6 Qxg2+ 40. Kxg2 Ne5 41. Nc8 a5 42. Nd6 Kg7 43. Nb7 Nc6 44.
Kf3 f5 45. Kf4 Kf6 46. g4 Be5+ 47. Kf3 Nd4+ 48. Ke3 fxg4 49. Nxc5 g3 50. Ne4+ Ke6 51. Nxg3 Nc2+ 52. Kd2 Bxg3 53. Kxc2 Ke5 54. a4 Kd4 55. Kd2 Bf4+ 56. Kc2 Bg5 57. Kb2 Kd3 58. Kb1 Kc3 59.
Ka2 Kc2 60. c5 Bf4 61. c6 Bc7 62. Ka1 Kxb3 63. Kb1 Kxa4 0-1

[Event "Late-Titled-Tuesday-Blitz-April-23-2024"]
[Site "Chess.com"]
[Date "2024.04.23"]
[Round "1"]
[White "Ali_rastbod"]
[Black "PapaieDudu"]
[Result "0-1"]
[WhiteElo "2699"]
[BlackElo "2431"]
[TimeControl "180+1"]
[EndTime "14:08:09 PDT"]
[Termination "PapaieDudu won on time"]

1. e4 c5 2. Nf3 d6 3. c3 Nf6 4. h3 Nc6 5. Bd3 e6 6. Bc2 Be7 7. d4 cxd4 8. cxd4 O-O 9. Nc3 a6 10. O-O d5 11. e5 Nd7 12. Qd3 f5 13. Qe2 b5 14. g4 Nb6 15. gxf5 exf5 16. Bf4 g5 17.
Be3 f4 18. Bd2 Bxh3 19. Kh2 Qe8 20. Nxg5 f3 21. Qd3 Bf5 22. Qxf3 Bxc2 23. Qg3 Bxg5 24. Bxg5 Qh5+ 25. Bh4+ Bg6 26. f4 Nxd4 27. Qg5 Qxg5 28. Bxg5 Nf5 29. Rad1 d4 30. Ne4 Ne3 31. Nf6+ Kh8 32.
f5 Nxf1+ 33. Rxf1 Bf7 34. e6 Bg8 35. Ng4 Bxe6 36. Nh6 Bg8 37. f6 Bd5 38. f7 Nd7 39.
Bh4 Kg7 40. Nf5+ Kxf7 41. Nxd4+ Kg8 42. Rg1+ Kh8 43. Ne2 Rg8 44. Ng3 Raf8 45. Rd1 Be6 46. Re1 Bg4 47. Ne4 Ne5 48. Bf6+ Rxf6 49. Nxf6 Nf3+ 50.
Kg3 Nxe1 51. Kf4 Nd3+ 52. Ke4 Nxb2 0-1

[Event "Late-Titled-Tuesday-Blitz-April-23-2024"]
[Site "Chess.com"]
[Date "2024.04.23"]
[Round "1"]
[White "malakismayil"]
[Black "lluiss"]
[Result "1-0"]
[WhiteElo "2576"]
[BlackElo "2137"]
[TimeControl "180+1"]
[EndTime "14:08:10 PDT"]
[Termination "malakismayil won on time"]

1. e4 c5 2. Nf3 d6 3. Bb5+ Bd7 4. Bxd7+ Nxd7 5. O-O Ngf6 6. Re1 e6 7. d4 cxd4 8.
Nxd4 a6 9. c4 Be7 10. b3 O-O 11. Bb2 Rc8 12. Nc3 Qa5 13. Rc1 Rfe8 14. h3 g6 15. Qd2 Bf8 16. Nf3 Red8 17. Red1 b5 18. cxb5 axb5 19. Qe3 b4 20. Na4 Rb8 21. Qf4 e5 22.
Qe3 Be7 23. Nd2 Nb6 24. Nxb6 Qxb6 25. Qe2 Ra8 26. Ra1 Ra7 27. Nc4 Qa6 28. f3 Qb7 29. Bc1 Rda8 30. Bg5 Ne8 31. Be3 Ra6 32. Rd2 Nc7 33. Qd3 Nb5 34. Kh2 Bf8 35. Bg5 h6 36. Bf6 Nd4 37. Ne3 Ra3 38. Nd5 Rxb3 39. axb3 Rxa1 40.
Bh4 Bg7 41. Bf2 Ra8 42. Bxd4 exd4 43. Rc2 Rc8 44. Rxc8+ Qxc8 45. Nxb4 Qb8 46. Nd5 Be5+ 47. f4 Bg7 48. b4 h5 49. h4 Qd8 50. Kh3 Bf8 51. g3 Be7 52. Qc4 Bf8 53. Qc6 Qb8 54.
Qc4 Kg7 55. Qxd4+ 1-0

[Event "Late-Titled-Tuesday-Blitz-April-23-2024"]
[Site "Chess.com"]
[Date "2024.04.23"]
[Round "1"]
[White "MaiqMaster"]
[Black "AradNazari"]
[Result "0-1"]
[WhiteElo "2443"]
[BlackElo "2767"]
[TimeControl "180+1"]
[EndTime "14:08:11 PDT"]
[Termination "AradNazari won by resignation"]

1. d4 Nf6 2. c4 g6 3. g3 c6 4. Bg2 d5 5. Nf3 Bg7 6. O-O O-O 7. Ne5 Be6 8. cxd5 Nxd5 9. Nd2 Nd7 10.
Nef3 h6 11. e4 Nb4 12. a3 Nd3 13. Qc2 Nxc1 14. Raxc1 Qb6 15. Qc3 Rfd8 16. Rfd1 Rac8 17. b4 Bg4 18. Nc4 Qc7 19. h3 Bxf3 20. Qxf3 Nb6 21. Nxb6 Qxb6 22. d5 c5 23. Qb3 Bd4 24. Rc4 e5 25.
Rdc1 Rb8 26. b5 Rd6 27. a4 a6 28. Rb1 Qa5 29. Rc2 Rb6 30. Bf1 Rd8 31. Bc4 Kg7 32. Kg2 h5 33. h4 axb5 34. axb5 Ra8 35. Ra2 Qxa2 36. Qxa2 Rxa2 37. Bxa2 Rf6 38. f3 Rd6 39.
Bc4 Rd8 40. b6 Ra8 41. Bb5 Kf8 42. Bc6 Rb8 43. Rb5 Ke7 44. Rb1 Kd6 45. Bb5 Ra8 46. Kh3 f6 47. g4 Ra3 48. Rf1 Rb3 49. Be8 hxg4+ 50. Kxg4 Rxb6 51. Bxg6 Rb2 52. h5 Ke7 53.
h6 Rg2+ 54. Kh3 Rxg6 55. Rh1 Rxh6+ 56. Kg2 Rxh1 57. Kxh1 b5 0-1

[Event "Late-Titled-Tuesday-Blitz-April-23-2024"]
[Site "Chess.com"]
[Date "2024.04.23"]
[Round "1"]
[White "crosky"]
[Black "GP9isback23"]
[Result "0-1"]
[WhiteElo "2359"]
[BlackElo "2667"]
[TimeControl "180+1"]
[EndTime "14:08:12 PDT"]
[Termination "GP9isback23 won by resignation"]

1. d4 Nf6 2. Bg5 Ne4 3. h4 d5 4. Nd2 Nxd2 5. Qxd2 Bf5 6. f3 h6 7. Bf4 Nc6 8. O-O-O e6 9. e3 Bd6 10. Nh3 Bxh3 11. Bxd6 Qxd6 12. Rxh3 O-O-O 13. g4 e5 14. f4 exd4 15. exd4 Rhe8 16. g5 Re4 17. c3 Qxf4 18.
Bg2 Qxd2+ 19. Rxd2 Rf4 20. gxh6 gxh6 21. h5 Ne7 22.
Rg3 Nf5 23. Bh3 Kb8 24. Bxf5 Rxf5 25. Rg7 Rf8 26. Re2 Kc8 27. Re5 Rxe5 28. dxe5 Kd7 29.
Rh7 Ke6 30. Rxh6+ Kxe5 31. Kd2 Kf5 32. Rh7 Kg5 33. Ke3 c5 34. b4 b6 35. a3 a5 36.
bxa5 bxa5 37. a4 Kg4 38. Kd3 f5 39. h6 f4 40. Ke2 d4 41. cxd4 cxd4 42. Rd7 Rh8 43.
Rxd4 Rxh6 44. Rd5 Re6+ 45. Kf2 Rb6 46. Rxa5 Rb2+ 47. Kf1 Kf3 48. Ke1 Rb1+ 49. Kd2 Kf2 50. Rf5 f3 51. a5 Rb8 52. Kd3 Rd8+ 53. Kc2 Ke2 54. Re5+ Kf1 55. Rf5 f2 56. a6 Kg2 57.
Rg5+ Kf3 58. Rf5+ Kg3 59. Kb3 Ra8 60. Rf6 Rxa6 61. Rxa6 f1=Q 62. Kb4 Qxa6 0-1

[Event "Late-Titled-Tuesday-Blitz-April-23-2024"]
[Site "Chess.com"]
[Date "2024.04.23"]
[Round "1"]
[White "Manukyan_Artak"]
[Black "SchmakAttack"]
[Result "0-1"]
[WhiteElo "2486"]
[BlackElo "2826"]
[TimeControl "180+1"]
[EndTime "14:08:13 PDT"]
[Termination "SchmakAttack won by resignation"]

1. e4 c5 2. Nf3 Nc6 3. c3 e6 4. d4 d5 5. e5 Qb6 6. a3 c4 7. Nbd2 Na5 8. g3 Bd7 9. Bh3 h6 10. O-O g5 11. Re1 O-O-O 12. Nf1 Nb3 13. Rb1 Nxc1 14. Qxc1 Be7 15. N3d2 h5 16. b3 cxb3 17. Nxb3 Qc7 18. Ne3 g4 19. Bf1 f6 20. Qb2 fxe5 21. dxe5 Nh6 22. c4 dxc4 23. Nxc4 Kb8 24. Nba5 b6 25. Bg2 Rhf8 26. Nxb6 axb6 27. Qxb6+ Qxb6 28. Rxb6+ Ka7 29. Reb1 Bc5 30. Rb7+ Ka6 31. Nc4 Rxf2 32. Kh1 Rxg2 33. R7b6+ Bxb6 34. Rxb6+ Ka7 35. Kxg2 Rc8 36. Rd6 Bc6+ 37. Kf2 Bd5 38. Ne3 Bb3 39. Rd7+ Kb6 40. Rh7 Nf5 41. Nxf5 exf5 42. Rxh5 Bc2 43. Ke3 Rc4 44.
Kd2 Bb1 45. Rh6+ Rc6 46. Rf6 Kc5 47. Ke3 Rc8 48. Kf4 Ra8 49. e6 Kd6 50. h4 gxh3 51.
Rh6 Rxa3 52. Rxh3 Kxe6 53. Rh6+ Kf7 54. g4 Ra4+ 55. Ke5 fxg4 56. Rf6+ Kg7 57. Rf4 Rxf4 58. Kxf4 Bf5 59. Kxf5 g3 0-1

[Event "Late-Titled-Tuesday-Blitz-April-23-2024"]
[Site "Chess.com"]
[Date "2024.04.23"]
[Round "1"]
[White "CarrotsandPizza"]
[Black "chess_sharparchitect"]
[Result "1-0"]
[WhiteElo "2604"]
[BlackElo "2233"]
[TimeControl "180+1"]
[EndTime "14:08:13 PDT"]
[Termination "CarrotsandPizza won on time"]

1. e4 c5 2. Nf3 d6 3. d4 cxd4 4. Nxd4 Nf6 5. Nc3 a6 6. Bc4 e6 7. Bb3 b5 8. Bg5 Be7 9. Qf3 Bb7 10. Bxe6 O-O 11. Bf5 b4 12. Nce2 g6 13. Ng3 Nxe4 14.
Bxe4 Bxe4 15. Qxe4 d5 16. Qxe7 Re8 17. Qxe8+ Qxe8+ 18. Kd2 Nd7 19. Rhe1 Qc8 20. f3 Nb6 21. b3 Qc3+ 22. Ke2 Qxd4 23. Kf1 f6 24. Rad1 Qc3 25. Be3 Nd7 26. Re2 Ne5 27. Rxd5 Qa1+ 28. Kf2 Qxa2 29. Ne4 Kg7 30. Rd6 Rf8 31. Bd4 Qa5 32.
Nxf6 Rxf6 33. Bxe5 Qc5+ 34. Ke1 Qxd6 35. Bxd6 Rxd6 36.
Re7+ Kh6 37. Rb7 a5 38. Rb5 Ra6 39. h4 a4 40. bxa4 Rxa4 41. g4 Kg7 42. Rb7+ Kg8 43. Kd2 Ra3 44. Rxb4 Rxf3 45. Re4 h5 46. g5 Kf7 47. c4 Rf5 48. Kd3 Rf3+ 49. Kd4 Rg3 50. c5 Rg1 51. Kd5 Rd1+ 52. Kc6 Rc1 53. Kd6 Rd1+ 54. Kc7 Rc1 55. c6 Rc2 56. Kd7 Rd2+ 57. Kc8 Rc2 58. c7 Rc1 59. Re5 Rc2 60. Rb5 Ke7 61.
Kb7 Kd7 62. Rd5+ Ke6 63. Rd4 1-0

[Event "Late-Titled-Tuesday-Blitz-April-23-2024"]
[Site "Chess.com"]
[Date "2024.04.23"]
[Round "1"]
[White "zverr1"]
[Black "GMAkobianSTL"]
[Result "0-1"]
[WhiteElo "2463"]
[BlackElo "2812"]
[TimeControl "180+1"]
[EndTime "14:08:15 PDT"]
[Termination "GMAkobianSTL won by checkmate"]

1. d4 e6 2. c4 f5 3. g3 Nf6 4. Bg2 d5 5. Nh3 c6 6. O-O Bd6 7. Bf4 Be7 8. Qc2 O-O 9. Nd2 Bd7 10. Qb3 Qb6 11. c5 Qxb3 12. axb3 Be8 13. Bxb8 Rxb8 14.
Rxa7 Ne4 15. Bxe4 fxe4 16. Nf4 e5 17. dxe5 Bxc5 18. Ra4 Bd7 19. e3 Rfe8 20. b4 Bf8 21. Nb3 Rxe5 22. Nc5 Bg4 23. Rfa1 b6 24. Nb3 g5 25.
Ng2 c5 26. Ne1 Be2 27. Ra8 Ree8 28. Rxb8 Rxb8 29. Nc2 Bd3 30. Rc1 Ra8 31. bxc5 bxc5 32. Na3 c4 33. Nd4 Bxa3 34. bxa3 Rxa3 35. h3 c3 36. Kg2 Kg7 37. g4 Kf6 38. Kg3 Ke5 39.
h4 h6 40. hxg5 hxg5 41. Kg2 Kd6 42. Kg3 Kc5 43. f4 exf3 44. Kxf3 Be4+ 45. Kg3 Kc4 46. Ne2 Kd3 47. Nd4 Kxe3 48. Nb5 Rb3 49. Nxc3 Kd2 50.
Rd1+ Kxc3 51. Kf2 d4 52. Kg3 Kc2+ 53. Kf2 Kxd1 54. Kf1 Rf3+ 55. Kg1 Ke2 56. Kg2 d3 57. Kh2 d2 58. Kg2 d1=Q 59. Kh2 Rf2+ 60. Kg3 Qd3# 0-1

[Event "Late-Titled-Tuesday-Blitz-April-23-2024"]
[Site "Chess.com"]
[Date "2024.04.23"]
[Round "1"]
[White "GoltsevDmitry2000"]
[Black "Thormento16"]
[Result "1-0"]
[WhiteElo "2753"]
[BlackElo "2439"]
[TimeControl "180+1"]
[EndTime "14:08:16 PDT"]
[Termination "GoltsevDmitry2000 won by resignation"]

1. e4 e5 2. Nf3 Nc6 3. Bb5 a6 4. Ba4 d6 5. O-O Nf6 6. c3 Nxe4 7. d4 b5 8. Bc2 Nf6 9. dxe5 dxe5 10. Qxd8+ Kxd8 11. a4 Bb7 12. axb5 axb5 13. Rxa8+ Bxa8 14. Ng5 Ke8 15. Bb3 Nd8 16. Rd1 Bd6 17. Na3 Bc6 18. Be3 h6 19. Nf3 Ke7 20. Nc2 Ne6 21. Nb4 Bxb4 22. Nxe5 Bxg2 23. Kxg2 Bd6 24. Nc6+ Kd7 25. Ne5+ Ke7 26.
Nc6+ Kd7 27. Na7 Rb8 28. h3 Rb7 29. Kf1 g5 30. Kg2 Nf4+ 31. Bxf4 gxf4 32. Nxb5 Rxb5 33. Ba4 c6 34. Bxb5 cxb5 35. Kf3 Ke6 36. b3 Nd5 37. c4 bxc4 38. bxc4 Nc3 39. Re1+ Kf6 40. Ra1 Ke5 41. Ra7 f6 42. Ra6 Bc5 43. Rc6 Kd4 44. Rxf6 Kxc4 45. Rxf4+ Kd5 46. Rf5+ Kd6 47. Rf6+ Ke5 48.
Rxh6 Nd5 49. Rh5+ Ke6 50. Rh6+ Nf6 51. Rh8 Bd6 52. Ra8 Kf5 53. Ra6 Be5 54. Ra5 Ke6 55. Ke3 Nd5+ 56. Ke4 Nf6+ 57. Kf3 Nd5 58. Ra6+ Kf5 59.
h4 Nf6 60. Ra5 Nh5 61. Ke3 Nf6 62. f4 Ng4+ 63. Kf3 Nh2+ 64. Kg2 Nf1 65. Rxe5+ Kxf4 66.
Re2 Ne3+ 67. Rxe3 Kxe3 68. h5 1-0

[Event "Late-Titled-Tuesday-Blitz-April-23-2024"]
[Site "Chess.com"]
[Date "2024.04.23"]
[Round "1"]
[White "dropstoneDP"]
[Black "Tonychess32"]
[Result "1-0"]
[WhiteElo "3026"]
[BlackElo "2527"]
[TimeControl "180+1"]
[EndTime "14:08:17 PDT"]
[Termination "dropstoneDP won on time"]

1. e4 e6 2. d4 d5 3. e5 c5 4.
c3 Nc6 5. Nf3 cxd4 6. cxd4 Nge7 7.
Bd3 Nf5 8. Bxf5 exf5 9. Nc3 Be6 10. h4 h6 11. Kf1 Be7 12. Bf4 Qb6 13. Qd2 Na5 14. b3 Rc8 15. Na4 Qa6+ 16. Kg1 b6 17.
Rc1 Qb7 18. Rxc8+ Qxc8 19. h5 Qc6 20. Kh2 Ba3 21. Kg3 Ke7 22. Nc5 Rc8 23. Nxe6 Qxe6 24. Qd3 Bb4 25. Qb5 Ba3 26. Kh2 Rc2 27. Qa6 Qd7 28. e6 Qb7 29. Qd3 Rxf2 30. Qxf5 fxe6 31. Re1 Qd7 32. Qg6 Kf8 33. Rxe6 Qf7 34. Qg4 Be7 35. Ne5 Qxf4+ 36. Qxf4+ Rxf4 37. Ng6+ Kf7 38. Nxf4 Bg5 39.
g3 Bxf4 40. Re2 Bg5 41. Rc2 Bf6 42. Rc7+ Ke6 43. Rxa7 Bxd4 44. Kg2 Bf6 45. b4 Nc4 46. a4 d4 47. Rc7 Kd5 48. a5 bxa5 49. Rc5+ Ke4 50.
Rxc4 a4 51. b5 a3 52. Ra4 Be7 53. b6 Bd6 54. b7 Ke3 55. Rxa3+ d3 56. Ra6 Bb8 57.
Ra8 d2 58. Rxb8 d1=Q 59. Re8+ Kd2 60. Rd8+ 1-0